 Dungeon Crawl Stone Soup version 0.26.0-20-g3ca415f5b8 (webtiles) character file.

Game seed: 13886680289015392096

97 mg7810 the Chopper (level 4, -3/40 HPs)
             Began as a Hill Orc Monk on Jan 24, 2021.
             Was a Believer of Okawaru.
             Slain by a howler monkey (5 damage)
             ... on level 4 of the Dungeon.
             The game lasted 00:08:12 (3012 turns).

mg7810 the Chopper (Hill Orc Monk)                  Turns: 3012, Time: 00:08:13

Health: -3/40      AC:  8    Str: 14    XL:     4   Next: 68%
Magic:  4/4        EV:  7    Int: 10    God:    Okawaru [**....]
Gold:   138        SH:  0    Dex: 13    Spells: 3/3 levels left

rFire    . . .     SeeInvis +   a - +0 hand axe
rCold    . . .     Faith    .   (no shield)
rNeg     . . .     Spirit   .   q - +0 chain mail
rPois    .         Reflect  .   (no helmet)
rElec    .         Harm     .   (no cloak)
rCorr    .         Rampage  .   (no gloves)
Will     .....                  (no boots)
Stlth    ..........             g - amulet of the acrobat
HPRegen  0.13/turn              f - ring of see invisible
MPRegen  0.09/turn              (no ring)

@: mighty, lethally poisoned (-3 -> -18), invisible
A: no striking features
a: Renounce Religion, Heroism


You were on level 4 of the Dungeon.
You worshipped Okawaru.
Okawaru was pleased with you.
You visited 1 branch of the dungeon, and saw 4 of its levels.

You collected 138 gold pieces.

Inventory:

Hand Weapons
 a - a +0 hand axe (weapon)
Armour
 q - a +0 chain mail (worn)
Jewellery
 f - a ring of see invisible (left hand)
 g - an amulet of the acrobat (around neck)
Scrolls
 c - 3 scrolls of remove curse
 h - 3 scrolls of identify
 m - a scroll of fear {unknown}
 p - a scroll of enchant weapon {unknown}
Potions
 o - a potion of might


   Skills:
 + Level 4.2 Fighting
 + Level 5.2 Axes
 * Level 1.8 Armour
 + Level 2.8 Dodging
 - Level 1.5 Stealth
 * Level 0.3 Unarmed Combat
 * Level 1.0 Invocations


You had 3 spell levels left.
You didn't know any spells.
Your spell library was empty.

Dungeon Overview and Level Annotations

Branches:
Dungeon (4/15)             Temple (0/1) D:4

Altars:
Hepliaklqana
Okawaru


Message History

* * * LOW HITPOINT WARNING * * *
It was a potion of might.
You feel very mighty all of a sudden.
* * * LOW HITPOINT WARNING * * *
You feel sick.
The howler monkey hits you but does no damage.
The worker ant bites you.
* * * LOW HITPOINT WARNING * * *
You are more poisoned.
The worker ant poisons you! The bullfrog hits you.
* * * LOW HITPOINT WARNING * * *
The howler monkey hits you but does no damage.
Unknown command.
It was a potion of invisibility.
You fade into invisibility!
* * * LOW HITPOINT WARNING * * *
You feel sick.
The bullfrog hits you but does no damage.
The worker ant closely misses you. The howler monkey hits you.
You die...

,,,,,*********,,,,*
*,,,,,,,,+,,
,,,,,,,,,,,,,.:...#
*,,,**,,,**,
≈**≈,********#....#
**,,******** ≈**,,*
#....# ******,,,*,,
,≈≈,,* #....#
*,,,,,,,,+,, ≈≈≈,,*
#....# *,,,,,,,,*,,
,,,,,* #....#
***********, ,≈≈,**
#.BhF# *,,,,,,,,,**
,≈≈,* #..@.#
*,,,,,,,,,*, ≈**,*
#...##***,,,,,,,,,*,
≈**,*
#...##,,*,,,,,,,,,**
,,,,*
#....#,,***+***,,,,,
*****
#....+,,*,,,>,*,,,,,
#....#,,*,,,,,*,,,,,
#....#,,*,,,,,*,,,,,
#....#,,**,,,,*,,,,,
#...##,,*########+#,


You could see a bullfrog, a howler monkey (catching breath) and a worker ant.

Vanquished Creatures
  2 adders
  An ooze (D:1)
  An adder skeleton (D:4)
  A worm (D:3)
  2 dart slugs (D:1)
  3 leopard geckos
  An orc (D:3)
  A ball python (D:3)
  3 giant cockroaches
  11 goblins
  7 hobgoblins
  2 quokkas
  7 bats
  4 frilled lizards
  8 kobolds
  A quokka skeleton (D:4)
  6 rats
61 creatures vanquished.

Vanquished Creatures (others)
  A kobold (D:1)
1 creature vanquished.

Grand Total: 62 creatures vanquished

Notes
Turn   | Place    | Note
-------+----------+-------------------------------------------
     0 | D:1      | mg7810 the Hill Orc Monk began the quest for the Orb.
     0 | D:1      | Reached XP level 1. HP: 19/19 MP: 1/1
   302 | D:1      | Reached XP level 2. HP: 27/27 MP: 2/2
   639 | D:1      | Reached skill level 1 in Armour
   748 | D:1      | Reached XP level 3. HP: 33/33 MP: 3/3
  1897 | D:2      | Reached skill level 5 in Axes
  2268 | D:3      | Reached XP level 4. HP: 31/40 MP: 4/4
  2445 | D:3      | Found an iron altar of Okawaru.
  2470 | D:3      | Became a worshipper of Warmaster Okawaru
  2470 | D:3      | Reached * piety under Okawaru
  2470 | D:3      | Reached ** piety under Okawaru
  2962 | D:4      | Found a hazy altar of Hepliaklqana.
  2995 | D:4      | Reached skill level 1 in Invocations
  3004 | D:4      | Noticed a bullfrog
  3012 | D:4      | HP: 2/40 [poisoned by a worker ant]
  3012 | D:4      | Slain by a howler monkey

Illustrated notes

Levels and vault maps discovered:
D:1:      minmay_arrival_four_houses, layout_basic
D:2:      lemuel_upstairs_altar, layout_loops_ring, kennysheep_doodads
D:3:      layout_rooms, okawaru_ov_weapons_minmay
D:4:      layout_gridville, nicolae_overflow_crystal_walls,
          minmay_temple_entry_butterflies, cheibrodos_sewer_entry_sluice

Skill      XL: |  1  2  3  4 |
---------------+-------------+-----
Armour         | 1 |  1.8
Fighting       | 4 |  4.2
Axes           | 5 |  5.2
Invocations    | 1 |  1.0
Dodging        | |  2.8
Stealth        | |  1.5
Unarmed Combat | |  0.3

Action                   |  1- 3 |  4- 6 || total
-------------------------+-------+-------++-------
Melee: Hand axe          |   120 |    87 ||   207
  Use: Scroll            |     3 |     5 ||     8
       Potion            |     1 |     2 ||     3
 Stab: Sleeping          |     2 |       ||     2
Armor: Robe              |    11 |       ||    11
       Ring mail         |    16 |    16 ||    32
       Chain mail        |       |    21 ||    21
Dodge: Dodged            |    89 |    65 ||   154
